 Dungeon Crawl Stone Soup version 0.30.0-29-ga12c61a403 (webtiles) character file.

Game seed: 1745027250497020122

77 qw the Chopper (level 4, -1/28 HPs)
             Began as a Gargoyle Fighter on June 5, 2023.
             Slain by a gnoll
             ... wielding a +0 spear
              (4 damage)
             ... on level 2 of the Dungeon.
             The game lasted 00:00:31 (1281 turns).

qw the Chopper (Gargoyle Fighter)                   Turns: 1281, Time: 00:00:32

Health: -1/28      AC: 10    Str: 22    XL:     4   Next: 33%
Magic:  4/4        EV:  9    Int:  8    God:
Gold:   38         SH:  4    Dex:  9    Spells: 3/3 levels left

rFire   . . .        j - +0 war axe (spect)
rCold   . . .        c - +0 buckler
rNeg    + . .        b - +0 scale mail
rPois   inf          (no helmet)
rElec   +            (no cloak)
rCorr   .            (no gloves)
SInv    .            (no boots)
Will    .....        (no amulet) Stlth
                     (no ring)
HPRegen 0.24/turn    (no ring)
MPRegen 0.09/turn

%: no passive effects
@: no status effects
A: sickness immunity, AC +3, negative energy resistance 1, electricity
resistance, torment resistance 1, petrification resistance
a: no special abilities


You were on level 2 of the Dungeon.
You visited 1 branch of the dungeon, and saw 2 of its levels.

You collected 38 gold pieces.


Innate Abilities, Weirdness & Mutations

You are immune to sickness and miasma.
Your stone body is resilient. (AC +3)
You are immune to poison.
You resist negative energy. (rN+)
You are resistant to electric shocks. (rElec)
You are resistant to unholy torment.
You are immune to petrification.


   Skills:
 - Level 3.2 Fighting
 + Level 4.0 Axes
 - Level 3.2 Armour
 - Level 3.2 Shields


You had 3 spell levels left.
You didn't know any spells.
Your spell library was empty.

Inventory:

Hand Weapons
 j - a +0 spectral war axe (weapon)
Armour
 b - a +0 scale mail (worn)
 c - a +0 buckler (worn)
Potions
 d - a potion of might
 h - a potion of mutation {unknown}

Dungeon Overview and Level Annotations

Branches:
Dungeon (2/15)

Altars:


Message History

The goblin shoots a sling bullet.
You block the sling bullet.
A gnoll comes into view. It is wielding a +0 spear.
The goblin unwields a +3 sling.
The goblin wields a +0 dagger.
The goblin hits you but does no damage.
Enter note:
Enter note: You closely miss the goblin.
Your +0 spectral war axe barely misses the goblin.
The goblin barely misses you.
You hit the goblin.
You kill the goblin!
Your +0 spectral war axe disappears.
A gnoll comes into view. It is wielding a +0 spear.
A gnoll comes into view. It is wielding a +0 spear.
The gnoll shouts! x2
Enter note:
Enter note: A gnoll comes into view. It is wielding a +0 whip.
Found a white potion.
Found a stone staircase leading down.
The gnoll shouts!
The gnoll completely misses you.
Enter note:
Enter note: You barely miss the gnoll.
Your +0 spectral war axe hits the gnoll!
The gnoll barely misses you. The gnoll hits you with a +0 spear!
You closely miss the gnoll.
The gnoll is severely wounded.
Your +0 spectral war axe barely misses the gnoll.
The gnoll hits you with a +0 spear. The gnoll closely misses you.
The gnoll hits you from afar with a +0 spear.
The gnoll hits you with a +0 spear. You block the gnoll's attack.
You slash the gnoll!
You kill the gnoll!
Your +0 spectral war axe disappears.
You block the gnoll's attack.
The gnoll hits you from afar with a +0 spear.
Your Axes skill increases to level 4!
The gnoll hits you with a +0 spear.
You die...

#.#.....### ###.#.....#.
...>...... ##........#
...!.....# #...g... ##
#.#gg# .. #.# ##)@.# ...
#.###....# #.# #..#...<.#
#.# #.#..)..## ###.#####
#####.#.##.########.......#
.......)...##.......#.###.##
##########..........#.......
#..........#<..#.##
#..............#.#


You could see 3 gnolls.

Vanquished Creatures
  A hound (D:1)
  An adder (D:2)
  A gnoll (D:2)
  A dart slug (D:1)
  2 ball pythons (D:1)
  A bat (D:1)
  An endoplasm (D:2)
  A giant cockroach (D:1)
  2 goblins (D:2)
  3 hobgoblins
  3 jackals (D:2)
  A kobold (D:1)
  A quokka (D:1)
  3 frilled lizards (D:1)
  3 rats
25 creatures vanquished.

Notes
Turn   | Place    | Note
-------+----------+-------------------------------------------
     0 | D:1      | qw the Gargoyle Fighter began the quest for the Orb.
     0 | D:1      | Reached XP level 1. HP: 14/14 MP: 1/1
     0 | D:1      | 0 ||| qw: Version: 0.2-a-108-gee2c290
     0 | D:1      | 0 ||| qw: Game counter: 1462
     0 | D:1      | 0 ||| qw: Always use a shield: true
     0 | D:1      | 0 ||| qw: God list: Okawaru
     0 | D:1      | 0 ||| qw: Allow faded altars: false
     0 | D:1      | 0 ||| qw: Do Orc after D:15 true
     0 | D:1      | 0 ||| qw: Do second Lair branch before Depths: true
     0 | D:1      | 0 ||| qw: Lair rune preference: random
     0 | D:1      | 0 ||| qw: Plans: Normal, Zot:1-4, Slime:5, God:TSO, Crypt,
                  | Tomb, Abyss, Pan, Hells, Win
     0 | D:1      | 0 ||| PLANNING D:1-11
    47 | D:1      | 47 ||| Stepping ~*~*~tactically~*~*~ (hiding).
    58 | D:1      | Reached skill level 2 in Axes
   221 | D:1      | Reached XP level 2. HP: 17/19 MP: 2/2
   280 | D:1      | 280 ||| Stepping ~*~*~tactically~*~*~ (water).
  1061 | D:1      | 1061 ||| READING 4 scrolls labelled ARAQUI NEMNY.
  1062 | D:1      | 1062 ||| READING scroll labelled EWNEPIOT QIRITH.
  1067 | D:1      | 1067 ||| READING 2 scrolls labelled FEGAB RITIPUJ.
  1068 | D:1      | 1068 ||| DROPPING +0 whip.
  1069 | D:1      | 1069 ||| READING scroll of brand weapon.
  1069 | D:1      | 1069 ||| BRANDING +0 war axe of flaming.
  1070 | D:1      | 1070 ||| READING scroll labelled NUIT SEAXOUV.
  1071 | D:1      | 1071 ||| READING scroll labelled XOROLO MINTI.
  1072 | D:1      | 1072 ||| DROPPING 3 scrolls of fear.
  1085 | D:2      | 1085 ||| STAIRDANCE
  1089 | D:1      | Reached skill level 3 in Axes
  1089 | D:1      | Reached XP level 3. HP: 16/23 MP: 3/3
  1142 | D:2      | Reached XP level 4. HP: 26/28 MP: 4/4
  1265 | D:2      | 1265 ||| Stepping ~*~*~tactically~*~*~ (hiding).
  1280 | D:2      | HP: 3/28 [gnoll/+0 spear (6)]
  1281 | D:2      | Reached skill level 4 in Axes
  1281 | D:2      | Slain by a gnoll

Levels and vault maps discovered:
D:1:      elethiomel_arrival_infinity_welcomes_careful_drivers,
          layout_loops_corners, serial_bayou, serial_bayou_shore_a,
          serial_bayou_pond_a, serial_bayou_pond_a, serial_bayou_pond_d
D:2:      layout_loops_cross

Skill      XL: |  1  2  3  4 |
---------------+-------------+-----
Axes           | 2 3 4 |  4.0
Fighting       | |  3.2
Armour         | |  3.2
Shields        | |  3.2

Action                     |  1- 3 |  4- 6 || total
---------------------------+-------+-------++-------
  Melee: War axe           |    67 |     9 ||    76
    Use: Scroll            |     6 |       ||     6
 Armour: Scale mail        |    45 |     2 ||    47
  Dodge: Dodged            |    35 |     4 ||    39
  Block: Buckler           |    15 |     3 ||    18

Table legend:
 A = Non-vault XP
 B = Vault XP
 C = Vault XP percentage of total XP
 D = Non-vault monster count
 E = Vault monster count
 F = Vault count percentage of total count
                 A         B        C        D         E       F
            +---------+---------+-------+---------+---------+-------
      Total |     110 |       0 |   0.0 |      25 |       0 |   0.0
            +---------+---------+-------+---------+---------+-------
        D:1 |      67 |       0 |   0.0 |      15 |       0 |   0.0
        D:2 |      43 |       0 |   0.0 |      10 |       0 |   0.0
            +---------+---------+-------+---------+---------+-------
